 Dungeon Crawl Stone Soup version 0.15-a0-2036-g5428f20 (webtiles) character file.

196 MrRokkomies the Vexing (level 5, 0/37 HPs)
             Began as a Demonspawn Arcane Marksman on July 13, 2014.
             Slain by an ogre
             ... wielding a +0 giant club
              (11 damage)
             ... on Level 4 of the Dungeon.
             The game lasted 00:08:50 (3011 turns).

MrRokkomies the Vexing (Demonspawn Arcane Marksman) Turns: 3011, Time: 00:08:50

HP   0/37        AC  7     Str 11      XL: 5   Next: 46%
MP   0/7         EV  9     Int 15      God:
Gold 130         SH  0     Dex 13      Spells:  2 memorised,  3 levels left

rFire  . . .     SeeInvis +     a - +0 shortbow
rCold  . . .     Clarity  .     g - +0 ring mail
rNeg   . . .     rCorr    .     (no shield)
rPois  .         rRot     .     (helmet unavailable)
rElec  .         Spirit   +     e - +1 cloak
SustAb .         Warding  .     (no gloves)
rMut   .         Stasis   .     (no boots)
Gourm  .                        (no amulet)
MR     .....                    (no ring)
                                (no ring)

@: very slightly contaminated, not resistant to hostile enchantments, very
unstealthy
A: antennae 3, magic shield
a: no special abilities


You were on level 4 of the Dungeon.
You were not hungry.

You visited 1 branch of the dungeon, and saw 4 of its levels.

You collected 130 gold pieces.

Inventory:

Hand weapons
 a - a +0 shortbow (weapon)
 b - a +2 short sword of venom
 t - a +2 antimagic trident
Missiles
 c - 18 arrows (quivered)
 v - 13 poisoned needles
Armour
 e - a +1 cloak (worn)
 g - a +0 ring mail (worn)
Magical devices
 j - a wand of magic darts (8)
Comestibles
 f - 3 bread rations
 o - a meat ration
Scrolls
 h - 2 scrolls of teleportation
 i - a scroll of enchant armour
 m - 4 scrolls of remove curse
 r - a scroll of fear
Potions
 k - a potion of invisibility
 l - a potion of restore abilities
 n - a potion of heal wounds
 q - 2 potions of berserk rage
 s - a potion of confusion {unknown}
 w - 2 potions of agility
 x - a potion of mutation {unknown}
Books
 d - a book of Debilitation

   Spells                             Type                      Level
   *Corona                            Hexes                        1
   *Slow                              Hexes                        2
   Inner Flame                        Hexes/Fire                   3
   Enslavement                        Hexes                        4
   Cause Fear                         Hexes                        4
   Leda's Liquefaction                Hexes/Earth                  4


   Skills:
 - Level 1.0 Fighting
 * Level 4.0 Bows
 - Level 1.7 Dodging
 - Level 1.0 Spellcasting
 + Level 4.7 Hexes


You had 3 spell levels left.
You knew the following spells:

 Your Spells              Type           Power        Failure   Level  Hunger
a - Corona                Hex            ###....      8%          1    ##.....
b - Slow                  Hex            ###.....     10%         2    ###....


Dungeon Overview and Level Annotations

Branches:
Dungeon (4/15)
 Temple: D:4-7

Altars:
Dithmenos
Fedhas
Trog
Zin
The Shining One


Innate Abilities, Weirdness & Mutations

You have a pair of large antennae on your head (SInv).
When hurt, damage is shared between your health and your magic reserves.


Message History

Firing (i - inventory):
c - 21 arrows (quivered)
Press: ? - help, Shift-Dir - straight line, f/p - ogre
Aim: an ogre, wielding a giant club (heavily wounded, slow)
You shoot an arrow. The arrow barely misses the ogre.
The ogre is no longer moving slowly.
Firing (i - inventory):
c - 20 arrows (quivered)
Press: ? - help, Shift-Dir - straight line, f/p - ogre
Aim: an ogre, wielding a giant club (heavily wounded)
You shoot an arrow. The arrow hits the ogre!
The ogre is almost dead.
The ogre hits you with a giant club!
* * * LOW HITPOINT WARNING * * *
Firing (i - inventory):
c - 19 arrows (quivered)
Press: ? - help, Shift-Dir - straight line, f/p - ogre
Aim: an ogre, wielding a giant club (almost dead)
You shoot an arrow.
The arrow hits the ogre but does no damage.
The ogre is almost dead.
The ogre hits you with a giant club!
You die...

#.# #......... #.#
#####......#.
##.####.####............#
#........()((###........
#.#####(#####.# #.#......
#(#####.##.....#..#
#.##..............
#.##.##..........
#.##.##@##........#
#((.(.O.##.##.. ..
####..##.#.##.# .#
##.#.....##.##.#
##.###..#...[...#
##.#...#.##.....##
#.##.<.##.#.....#
##.#...#.##.....#
##.###.........###.##


You could see an ogre.

Vanquished Creatures
  An orc wizard (D:3)
  Jessica (D:2)
  2 adders
  4 gnolls (D:2)
  4 worms
  3 giant geckos (D:2)
  5 orcs
  5 giant cockroaches
  2 hobgoblins
  3 jackals (D:3)
  5 quokkas
  A ball python (D:3)
  10 bats
  3 giant newts (D:1)
  9 goblins
  7 kobolds
  2 rats
67 creatures vanquished.

Notes
Turn   | Place    | Note
--------------------------------------------------------------
     0 | D:1      | MrRokkomies, the Demonspawn Arcane Marksman, began the quest for the Orb.
     0 | D:1      | Reached XP level 1. HP: 15/15 MP: 2/2
   359 | D:1      | Gained mutation: You have a pair of small antennae on your head. [demonic ancestry]
   359 | D:1      | Reached XP level 2. HP: 18/21 MP: 3/3
   907 | D:2      | Noticed Jessica
   918 | D:2      | Killed Jessica
   918 | D:2      | Reached skill level 4 in Hexes
   918 | D:2      | Gained mutation: You have a pair of antennae on your head. [demonic ancestry]
   918 | D:2      | Reached XP level 3. HP: 18/26 MP: 4/4
  1250 | D:2      | Gained mutation: You have a pair of large antennae on your head (SInv). [demonic ancestry]
  1250 | D:2      | Reached XP level 4. HP: 29/32 MP: 5/5
  2212 | D:2      | Learned a level 2 spell: Slow
  2385 | D:3      | Found a shadowy altar of Dithmenos.
  2424 | D:3      | Found a glowing golden altar of the Shining One.
  2603 | D:3      | Gained mutation: When hurt, damage is shared between your health and your magic reserves. [demonic ancestry]
  2603 | D:3      | Reached XP level 5. HP: 25/37 MP: 7/7
  2649 | D:3      | Found a shadowy altar of Dithmenos.
  2688 | D:3      | Found a blossoming altar of Fedhas.
  2688 | D:3      | Found a bloodstained altar of Trog.
  2779 | D:3      | Found a glowing silver altar of Zin.
  2975 | D:4      | Noticed an ogre
  3011 | D:4      | Slain by an ogre

Action                   |  1- 3 |  4- 6 || total
-------------------------+-------+-------++-------
Melee: Unarmed           |    24 |       ||    24
       Whip              |    71 |       ||    71
       Halberd           |       |    38 ||    38
       Short sword       |       |    58 ||    58
       Trident           |       |    14 ||    14
 Fire: Shortbow          |    27 |    47 ||    74
 Cast: Corona            |     2 |     7 ||     9
       Slow              |       |     1 ||     1
Evoke: Wand              |       |     1 ||     1
  Use: Scroll            |     4 |     7 ||    11
 Stab: Sleeping          |     1 |       ||     1
  Eat: Chunk             |     1 |     6 ||     7
